 Dungeon Crawl Stone Soup version 0.23.2-1-ga50397a (webtiles) character file.

Game seed: 14909405624499269276

287 Fang the Skirmisher (level 6, -7/39 HPs)
             Began as a Gargoyle Berserker on May 31, 2019.
             Was a Priest of Trog.
             Killed by divine providence
             ... invoked by an orc priest
              (12 damage)
             ... on level 4 of the Dungeon.
             The game lasted 00:02:59 (2838 turns).

Fang the Skirmisher (Gargoyle Berserker)            Turns: 2838, Time: 00:03:00

Health: -7/39      AC:  7    Str: 23    XL:     6   Next: 30%
Magic:  6/6        EV: 12    Int:  7    God:    Trog [***...]
Gold:   159        SH:  0    Dex:  9    Spells: 5/5 levels left

rFire    . . .     SeeInvis +   a - +1 hand axe
rCold    . . .     Gourm    .   (no shield)
rNeg     + . .     Faith    .   b - +1 animal skin
rPois    ∞         Spirit   .   (no helmet)
rElec    +         Reflect  .   (no cloak)
rCorr    .         Harm     .   (no gloves)
MR       .....     Rnd*Tele +   (no boots)
Stlth    +.........             (no amulet)
HPRegen  0.13/turn              h - ring of see invisible
MPRegen  0.10/turn              p - ring of teleportation (curse)

@: no status effects
A: negative energy resistance 1, electricity resistance, unbreathing,
petrification resistance, rot immunity, AC +4
a: Berserk, Trog's Hand, Renounce Religion


You were on level 4 of the Dungeon.
You worshipped Trog.
Trog was most pleased with you.
You were near starving.

You visited 1 branch of the dungeon, and saw 4 of its levels.

You collected 159 gold pieces.

Inventory:

Hand Weapons
 a - a +1 hand axe (weapon)
Armour
 b - a +1 animal skin (worn)
Jewellery
 h - a ring of see invisible (left hand)
 p - a cursed ring of teleportation (right hand)
Scrolls
 d - a scroll of noise {unknown}
 i - 2 scrolls of teleportation
 j - a scroll of enchant armour
 k - a scroll of enchant weapon
Potions
 e - 2 potions of heal wounds {unknown}
 f - a potion of degeneration {unknown}
 g - a potion of curing {unknown}
 m - 2 potions of brilliance {unknown}
 o - a potion of invisibility {unknown}
Comestibles
 c - 6 rations


   Skills:
 + Level 4.6 Fighting
 + Level 3.8 Axes
 + Level 4.0 Armour
 + Level 2.9 Dodging


You had 5 spell levels left.
You didn't know any spells.
Your spell library was empty.

Dungeon Overview and Level Annotations

Branches:
Dungeon (4/15)
 Temple: D:4-7

Altars:
Elyvilon
Trog
Yredelemnul


Innate Abilities, Weirdness & Mutations

You are resistant to torment.
Your stone body is resilient. (AC +4)
You are immune to poison.
You resist negative energy. (rN+)
You are resistant to electric shocks. (rElec)
You can survive without breathing.
You are immune to petrification.
You are immune to rotting.


Message History

The jackal is almost dead.
The jackal bites you. The orc hits you but does no damage.
You hit the jackal.
You kill the jackal!
Trog accepts your kill.
The orc hits you from afar with a +0 trident!
* * * LOW HITPOINT WARNING * * *
You barely miss the jackal.
The jackal bites you but does no damage.
The jackal barely misses you.
The orc hits you from afar with a +0 trident.
* * * LOW HITPOINT WARNING * * *
The orc priest looks satisfied for a moment.
You hit the jackal.
You kill the jackal!
Trog accepts your kill. The orc barely misses you.
The orc priest mumbles some strange prayers to Beogh against you.
Beogh smites you!
You die...

####.##.##.# #.##..#<#
#.###.#.# #.###.#.# ##
#.......# .. #####.###
##. #.####
##.oo#########....#
#....o@........##.#####
......###..####.##......
##.#. #..# #.######## ..
#.... #.# .. #.##.##.#
.. #.. ....# # ### ####


You could see an orc priest and 2 orcs.

Vanquished Creatures
  A scorpion (D:4)
  A hound (D:4)
  2 orc wizards (D:3)
  3 gnolls (D:3)
  An adder (D:2)
  5 worms
  A dart slug (D:2)
  3 leopard geckos
  3 orcs (D:3)
  3 giant cockroaches (D:1)
  9 goblins
  10 hobgoblins
  12 jackals
  7 kobolds
  A quokka (D:2)
  A ball python (D:3)
  11 bats
  3 frilled lizards
  A jackal skeleton (D:4)
  13 rats
91 creatures vanquished.

Notes
Turn   | Place    | Note
-------+----------+-------------------------------------------
     0 | D:1      | Fang the Gargoyle Berserker began the quest for the Orb.
     0 | D:1      | Reached XP level 1. HP: 14/14 MP: 1/1
    95 | D:1      | Reached XP level 2. HP: 17/19 MP: 2/2
   425 | D:1      | Reached XP level 3. HP: 20/23 MP: 3/3
   636 | D:2      | Reached ** piety under Trog
   838 | D:2      | Found a white marble altar of Elyvilon.
   956 | D:2      | Reached XP level 4. HP: 12/29 MP: 4/4
  1194 | D:2      | Found a basalt altar of Yredelemnul.
  1297 | D:2      | Found a bloodstained altar of Trog.
  2114 | D:3      | Reached XP level 5. HP: 28/33 MP: 5/5
  2120 | D:3      | Reached *** piety under Trog
  2178 | D:3      | Found a faded altar of an unknown god.
  2788 | D:4      | Reached XP level 6. HP: 25/39 MP: 6/6
  2838 | D:4      | Killed from afar by an orc priest

Skill      XL: |  1  2  3  4  5  6 |
---------------+-------------------+-----
Axes           | 3 |  3.8
Dodging        | 2 |  2.9
Armour         | 3 4 |  4.0
Fighting       | 4 |  4.6

Action                   |  1- 3 |  4- 6 || total
-------------------------+-------+-------++-------
Melee: Hand axe          |   151 |   165 ||   316
Invok: Berserk           |       |     3 ||     3
  Use: Scroll            |       |     5 ||     5
  Eat: Chunk             |       |     8 ||     8
Armor: Animal skin       |    70 |    43 ||   113
Dodge: Dodged            |   132 |   101 ||   233
